 Dungeon Crawl Stone Soup version 0.29.1-2-gbd0b4ee654 (webtiles) character file.

Game seed: 18314903648817349925

183 zeram the Caller (level 5, -8/37 HPs)
             Began as a Gnoll Summoner on Nov 7, 2022.
             Mangled by an ogre
             ... wielding a +0 giant club
              (22 damage)
             ... on level 4 of the Dungeon.
             The game lasted 00:08:43 (4560 turns).

zeram the Caller (Gnoll Summoner)                   Turns: 4560, Time: 00:08:44

Health: -8/37      AC:  2    Str:  7    XL:     5   Next: 62%
Magic:  9/12       EV: 17    Int: 16    God:
Gold:   88         SH:  0    Dex: 13    Spells: 4/14 levels left

rFire   . . .      SeeInvis .   l - +0 whip (pain)
rCold   . . .      Faith    .   (no shield)
rNeg    . . .      Spirit   .   a - +0 robe
rPois   .          Reflect  .   (no helmet)
rElec   .          Harm     .   (no cloak)
rCorr   .          Rampage  .   (no gloves)
Will    .....                   (no boots)
Stlth   +++.......              (no amulet)
HPRegen 0.12/turn               d - +4 ring of evasion
MPRegen 0.13/turn               (no ring)

@: about to teleport
A: fangs 1, strong nose, distributed training
a: no special abilities


You were on level 4 of the Dungeon.
You visited 1 branch of the dungeon, and saw 5 of its levels.

You collected 88 gold pieces.

Inventory:

Hand Weapons
 c - a +0 whip
 l - a +0 whip of pain (weapon)
Armour
 a - a +0 robe (worn)
Jewellery
 d - a +4 ring of evasion (left hand)
Scrolls
 g - a scroll of amnesia
Potions
 b - a potion of magic
 e - a potion of heal wounds
 f - 4 potions of curing
 h - a potion of haste
 k - a potion of might {unknown}


   Skills:
 + Level 1.6 Fighting
 + Level 1.6 Short Blades
 + Level 1.6 Long Blades
 + Level 1.6 Axes
 + Level 1.6 Maces & Flails
 + Level 1.6 Polearms
 + Level 1.6 Staves
 + Level 1.6 Ranged Weapons
 + Level 1.6 Throwing
 + Level 1.6 Armour
 + Level 4.8 Dodging
 + Level 4.4 Stealth
 + Level 1.6 Shields
 + Level 1.6 Unarmed Combat
 + Level 5.2 Spellcasting
 + Level 1.3 Conjurations
 + Level 1.3 Hexes
 + Level 7.2 Summonings
 + Level 1.3 Necromancy
 + Level 1.3 Translocations
 + Level 1.3 Transmutations
 + Level 1.3 Fire Magic
 + Level 1.3 Ice Magic
 + Level 1.3 Air Magic
 + Level 1.3 Earth Magic
 + Level 1.3 Poison Magic
 + Level 1.8 Invocations
 + Level 1.6 Evocations


You had 4 spell levels left.
You knew the following spells:

 Your Spells              Type           Power      Damage    Failure   Level
a - Summon Small Mammal   Summ           100%       N/A       1%          1
b - Call Imp              Summ           27%        N/A       1%          2
c - Call Canine Familiar  Summ           27%        N/A       2%          3
d - Summon Lightning Spi  Summ/Air       17%        N/A       26%         4

Your spell library contained the following spells:

 Spells                   Type           Power      Damage    Failure   Level
 Summon Guardian Golem    Hex/Summ       17%        N/A       8%          3
 Beastly Appendage        Tmut           16%        N/A       9%          1
 Wereblood                Tmut           8%         N/A       13%         2
 Spider Form              Tmut/Pois      8%         N/A       26%         3
 Tukima's Dance           Hex            8%         N/A       26%         3
 Passage of Golubria      Tloc           8%         N/A       65%         4
 Yara's Violent Unravell  Hex/Tmut       4%         3d4       94%         5


Dungeon Overview and Level Annotations

Branches:
Dungeon (5/15)
 Temple: D:4-7

Altars:
Fedhas


Innate Abilities, Weirdness & Mutations

You have very sharp teeth.
Your uncanny sense of smell can sniff out nearby items.
Your experience applies equally to all skills.


Message History

Found 3 scrolls of identify.
The orc hits you with a +0 short sword. The orc hits you with a +0 flail.
There is an open door, spattered with blood here.
You closely miss the orc. The orc wizard completely misses you.
The orc closely misses you.
The orc wizard gestures wildly while chanting.
The orc wizard flickers and vanishes!
Deactivating autopickup; reactivate with Ctrl-A.
The orc hits you with a +0 flail!
You hit the orc.
The orc writhes in agony.
You bite the orc.
The orc is severely wounded.
The orc wizard misses you. The orc hits you with a +0 short sword.
The orc misses you.
Unknown command.
You hit the orc.
You kill the orc!
The orc wizard barely misses you. The orc misses you.
Unknown command.
The orc wizard attacks as you move away!
The orc wizard barely misses you.
The jelly hits your shadow imp but does no damage.
Your shadow imp misses the orc wizard.
The orc wizard attacks as you move away!
The orc wizard hits you with a +0 dagger.
Your shadow imp closely misses the orc.
The orc wizard attacks as you move away!
The orc wizard misses you.
Your shadow imp closely misses something.
There is a stone staircase leading up here.
The orc wizard hits you with a +0 dagger.
Your shadow imp hits the orc.
You climb upwards.
Reactivating autopickup.
The ogre barely misses you. The ogre hits you with a +0 giant club.
There is a stone staircase leading down here.
As you read the scroll of teleportation, it crumbles to dust.
You feel strangely unstable.
The ogre hits you with a +0 giant club!!
Ouch! That really hurt!
You die...

#.. ## #### #..# . .#.
#..# .#.. ..# ... #.#
#.# #.#######.###.#
#ยง.....O..O...#
########..######.#####
#...O@Oo.........#
#.#####.#.############
#...............
#...############ #.###
#.# ..# ####


You could see 2 ogres and an orc wizard.

Vanquished Creatures
  3 adders
  A dart slug (D:2)
  7 orcs
  A ball python (D:3)
  7 endoplasms
  A giant cockroach (D:2)
  9 goblins
  3 hobgoblins
  5 kobolds
  A quokka (D:2)
  3 bats
  4 frilled lizards
  2 rats
47 creatures vanquished.

Vanquished Creatures (collateral kills)
  An iguana (D:5)
  An orc wizard (D:5)
  A gnoll (D:1)
  A worm (D:2)
  5 orcs
  A ball python (D:1)
  An endoplasm (D:1)
  2 hobgoblins (D:1)
  6 jackals
  A frilled lizard (D:1)
  5 kobolds
  3 rats (D:1)
28 creatures vanquished.

Vanquished Creatures (others)
  5 plants (D:4)
5 creatures vanquished.

Grand Total: 80 creatures vanquished

Notes
Turn   | Place    | Note
-------+----------+-------------------------------------------
     0 | D:1      | zeram the Gnoll Summoner began the quest for the Orb.
     0 | D:1      | Reached XP level 1. HP: 13/13 MP: 6/6
    93 | D:1      | Reached XP level 2. HP: 4/20 MP: 3/7
    96 | D:1      | Learned a level 2 spell: Call Imp
   727 | D:1      | Reached skill level 5 in Spellcasting
   727 | D:1      | Reached XP level 3. HP: 25/25 MP: 5/9
   957 | D:1      | Reached skill level 1 in Invocations
  1546 | D:2      | Found a faded altar of an unknown god.
  1695 | D:2      | Reached skill level 1 in Fighting
  1695 | D:2      | Reached skill level 1 in Short Blades
  1695 | D:2      | Reached skill level 1 in Long Blades
  1695 | D:2      | Reached skill level 1 in Axes
  1695 | D:2      | Reached skill level 1 in Maces & Flails
  1695 | D:2      | Reached skill level 1 in Polearms
  1695 | D:2      | Reached skill level 1 in Staves
  1695 | D:2      | Reached skill level 1 in Ranged Weapons
  1695 | D:2      | Reached skill level 1 in Throwing
  1695 | D:2      | Reached skill level 1 in Armour
  1695 | D:2      | Reached skill level 1 in Shields
  1695 | D:2      | Reached skill level 1 in Unarmed Combat
  1695 | D:2      | Reached skill level 1 in Evocations
  1993 | D:2      | Reached XP level 4. HP: 31/32 MP: 8/11
  1997 | D:2      | Learned a level 3 spell: Call Canine Familiar
  2187 | D:2      | Identified the +1 leather armour of Loss {rN++ Will- Int+2
                  | Stlth+}
  2805 | D:3      | Reached skill level 1 in Conjurations
  2805 | D:3      | Reached skill level 1 in Hexes
  2805 | D:3      | Reached skill level 1 in Necromancy
  2805 | D:3      | Reached skill level 1 in Translocations
  2805 | D:3      | Reached skill level 1 in Transmutations
  2805 | D:3      | Reached skill level 1 in Fire Magic
  2805 | D:3      | Reached skill level 1 in Ice Magic
  2805 | D:3      | Reached skill level 1 in Air Magic
  2805 | D:3      | Reached skill level 1 in Earth Magic
  2805 | D:3      | Reached skill level 1 in Poison Magic
  2880 | D:3      | Learned a level 4 spell: Summon Lightning Spire
  3440 | D:3      | Found a faded altar of an unknown god.
  3820 | D:3      | Found a blossoming altar of Fedhas.
  3850 | D:4      | Reached XP level 5. HP: 37/37 MP: 12/12
  4160 | D:4      | Noticed an ogre
  4168 | D:4      | Noticed an ogre
  4193 | D:5      | Entered Level 5 of the Dungeon
  4560 | D:4      | Mangled by an ogre

Illustrated notes

Levels and vault maps discovered:
D:1:      dpeg_arrival_radiant, layout_rooms
D:2:      layout_basic, serial_rivers, chequers_serial_rivers_small_a,
          chequers_serial_rivers_micro_a, chequers_serial_rivers_large_b,
          chequers_serial_rivers_micro_c,
          shapermc_ecumenical_altar_mp_ritualfount
D:3:      layout_basic, nicolae_overflow_ecumenical_swirl
D:4:      layout_loops_ring, general_overflow_altar,
          nicolae_hepliaklqana_hazy_memory, minmay_temple_entry_slanted,
          minmay_misc_feat_rugged, chequers_decorated_corner, uniq_sigmund
D:5:      layout_gridville, portal_sewer_entry_d, gammafunk_ghost_cemetery,
          chequers_arboretum, hangedman_abyss_or_decor_passed,
          grunt_decor_junction, minivault_4

Skill      XL: |  1  2  3  4 |
---------------+-------------+-----
Spellcasting   | 5 |  5.2
Invocations    | 1 |  1.8
Fighting       | 1 |  1.6
Short Blades   | 1 |  1.6
Long Blades    | 1 |  1.6
Axes           | 1 |  1.6
Maces & Flails | 1 |  1.6
Polearms       | 1 |  1.6
Staves         | 1 |  1.6
Ranged Weapons | 1 |  1.6
Throwing       | 1 |  1.6
Armour         | 1 |  1.6
Shields        | 1 |  1.6
Unarmed Combat | 1 |  1.6
Evocations     | 1 |  1.6
Conjurations   | 1 |  1.3
Hexes          | 1 |  1.3
Necromancy     | 1 |  1.3
Translocations | 1 |  1.3
Transmutations | 1 |  1.3
Fire Magic     | 1 |  1.3
Ice Magic      | 1 |  1.3
Air Magic      | 1 |  1.3
Earth Magic    | 1 |  1.3
Poison Magic   | 1 |  1.3
Dodging        | |  4.8
Stealth        | |  4.4
Summonings     | |  7.2

Action                   |  1- 3 |  4- 6 || total
-------------------------+-------+-------++-------
Melee: Unarmed           |     3 |       ||     3
       Whip              |   106 |   144 ||   250
       Bite              |    12 |    14 ||    26
       Punch             |     2 |     4 ||     6
 Cast: Summon Small Mamm |     8 |     1 ||     9
       Call Imp          |     8 |    21 ||    29
       Call Canine Famil |       |     3 ||     3
  Use: Scroll            |     4 |     6 ||    10
 Stab: Sleeping          |     8 |     9 ||    17
       Distracted        |     1 |       ||     1
Armor: Robe              |    12 |    10 ||    22
Dodge: Dodged            |    88 |   119 ||   207
